 Dungeon Crawl Stone Soup version 0.27.1-34-g3ba077fa99 (webtiles) character file.

Game seed: 18238170134790376138

254 mtoz the Conjurer (level 5, -5/28 HPs)
             Began as a Deep Elf Conjurer on Jan 3, 2022.
             Shot with an arrow by a centaur (10 damage)
             ... on level 4 of the Dungeon.
             The game lasted 00:22:59 (4113 turns).

mtoz the Conjurer (Deep Elf Conjurer)               Turns: 4113, Time: 00:23:00

Health: -5/28      AC:  3    Str:  4    XL:     5   Next: 90%
Magic:  13/14      EV: 13    Int: 24    God:
Gold:   132        SH:  0    Dex: 13    Spells: 11/14 levels left

rFire    . . .     SeeInvis .   (no weapon)
rCold    . . .     Faith    .   (no shield)
rNeg     . . .     Spirit   .   a - +0 robe
rPois    .         Reflect  .   (no helmet)
rElec    .         Harm     .   (no cloak)
rCorr    .         Rampage  .   (no gloves)
Will     .....                  f - +0 pair of boots
Stlth    +++.......             (no amulet)
HPRegen  0.09/turn              (no ring)
MPRegen  0.14/turn              (no ring)

@: no status effects
A: no striking features
a: no special abilities


You were on level 4 of the Dungeon.
You visited 1 branch of the dungeon, and saw 4 of its levels.

You collected 132 gold pieces.

Inventory:

Hand Weapons
 g - a +0 short sword
 j - a +0 dagger
Missiles
 h - 40 poisoned darts
 i - 32 bolts
 r - 40 arrows
Armour
 a - a +0 robe (worn)
 e - a +0 plate armour
 f - a +0 pair of boots (worn)
 k - a +0 robe
 m - a +0 robe
 o - a +0 helmet
 p - a +0 plate armour
Scrolls
 c - a scroll of amnesia {unknown}
 v - a scroll of noise {unknown}
Potions
 b - 2 potions of magic {unknown}
 d - a potion of flight {unknown}
 l - 2 potions of heal wounds {unknown}
 n - 2 potions of curing {unknown}
 q - a potion of invisibility {unknown}
 s - a potion of brilliance {unknown}
 t - a potion of lignification {unknown}
 u - a potion of degeneration {unknown}


   Skills:
 + Level 4.2 Dodging
 + Level 4.4 Stealth
 + Level 5.0 Spellcasting
 + Level 5.4 Conjurations


You had 11 spell levels left.
You knew the following spells:

 Your Spells              Type           Power      Damage    Failure   Level
a - Magic Dart            Conj           100%       1d8       1%          1
b - Searing Ray           Conj           64%        3d5       1%          2

Your spell library contained the following spells:

 Spells                   Type           Power      Damage    Failure   Level
 Dazzling Flash           Conj/Hex       38%        N/A       9%          3
 Fulminant Prism          Conj/Hex       9%         3d7       28%         4
 Iskenderun's Mystic Bla  Conj/Tloc      19%        2d6       28%         4


Dungeon Overview and Level Annotations

Branches:
Dungeon (4/15)
 Temple: D:4-7

Altars:
Makhleb


Message History

There is a stone staircase leading up here.
Found 9 stones.
There is a stone staircase leading down here.
You see here a +0 club.
A goblin comes into view. It is wielding a +0 dagger.
Casting: Searing Ray (safe; 1% risk of failure)
Confirm with . or Enter, or press ? or * to list all spells.
You can't see any susceptible monsters within range! (Use Z to cast anyway.)
Casting: Searing Ray (safe; 1% risk of failure)
Confirm with . or Enter, or press ? or * to list all spells.
Aiming: Magic Dart (safe; 1% risk of failure)
Press: ? - help, Shift-Dir - straight line, f - goblin
Aim: a goblin, wielding a +0 dagger (asleep, 100% to hit)
The magic dart hits the goblin!
You kill the goblin!
Magic restored.
h - 40 poisoned darts (gained 12)
Found a scroll labelled HEOJIB WETHRERGH.
Things that are here:
a +0 dagger; a goblin corpse A centaur comes into view.
It is wielding a +0 flail.
Casting: Magic Dart (safe; 1% risk of failure)
Confirm with . or Enter, or press ? or * to list all spells.
You can't see any susceptible monsters within range! (Use Z to cast anyway.)
Casting: Magic Dart (safe; 1% risk of failure)
Confirm with . or Enter, or press ? or * to list all spells.
Aiming: Magic Dart (safe; 1% risk of failure)
Press: ? - help, Shift-Dir - straight line, f - centaur
Aim: a centaur, wielding a +0 flail and quivering arrows (wandering, hasn't noticed you, 100% to hit)
The magic dart hits the centaur.
The centaur is lightly wounded.
The centaur shouts!
The centaur unwields a +0 flail.
The centaur wields a +0 shortbow.
The centaur shoots an arrow.
The arrow hits you!
The centaur shoots an arrow.
The arrow hits you.
The centaur shoots an arrow.
The arrow hits you!
* * * LOW HITPOINT WARNING * * *
Okay, then.
The centaur shoots an arrow.
The arrow hits you!
You die...

... ######... #.......#
####(.....
##########........
#....).....###..#
#.....@#....##.####
#..c#########...)>.<#####
#...# ###.###.)...#
...?.# ...# #####.. ###..
#.### #c. #.. #. ... #.
#.## #.


You could see a centaur.

Vanquished Creatures
  A scorpion (D:3)
  An iguana (D:4)
  2 orc wizards
  4 adders
  An adder skeleton (D:4)
  A dart slug (D:2)
  3 worms
  8 orcs
  4 bats
  5 endoplasms
  2 giant cockroaches
  7 goblins
  8 hobgoblins
  A quokka (D:3)
  9 ball pythons
  4 frilled lizards
  3 kobolds
  9 rats
73 creatures vanquished.

Vanquished Creatures (others)
  3 fungi (D:1)
  2 plants (D:1)
5 creatures vanquished.

Grand Total: 78 creatures vanquished

Notes
Turn   | Place    | Note
-------+----------+-------------------------------------------
     0 | D:1      | mtoz the Deep Elf Conjurer began the quest for the Orb.
     0 | D:1      | Reached XP level 1. HP: 10/10 MP: 6/6
   189 | D:1      | Reached XP level 2. HP: 15/15 MP: 1/8
   695 | D:1      | Found a faded altar of an unknown god.
  1067 | D:2      | Reached XP level 3. HP: 19/19 MP: 5/10
  2377 | D:2      | Reached XP level 4. HP: 24/24 MP: 9/12
  2909 | D:3      | Reached skill level 5 in Conjurations
  3102 | D:3      | Learned a level 2 spell: Searing Ray
  3178 | D:3      | Noticed a scorpion
  3192 | D:3      | Killed a scorpion
  3193 | D:3      | Reached XP level 5. HP: 18/28 MP: 2/13
  3614 | D:3      | Found a burning altar of Makhleb.
  3678 | D:4      | Noticed a sky beast
  3992 | D:4      | Reached skill level 5 in Spellcasting
  4108 | D:4      | Noticed a centaur
  4113 | D:4      | Shot with an arrow by a centaur

Illustrated notes

Levels and vault maps discovered:
D:1:      ncdulo_watergridlock, layout_loops_ring,
          shapermc_ecumenical_altar_mp_urbaneastern
D:2:      layout_basic
D:3:      layout_loops_ring, lightli_temple_of_fire, nrook_mini_backslash,
          chequers_serial_rivers_small_b, wad_floor_pattern_1,
          kennysheep_generic_room_6
D:4:      layout_rooms

Skill      XL: |  1  2  3  4  5 |
---------------+----------------+-----
Stealth        | 3 4 |  4.4
Dodging        | 3 4 |  4.2
Spellcasting   | 4 5 |  5.0
Conjurations   | 5 |  5.4

Action                   |  1- 3 |  4- 6 || total
-------------------------+-------+-------++-------
 Cast: Magic Dart        |    81 |    70 ||   151
       Searing Ray       |       |    12 ||    12
Armor: Robe              |     2 |     1 ||     3
       Plate armour      |     2 |       ||     2
Dodge: Dodged            |     7 |     4 ||    11
